Blackhawks vs Capitals
Created - 7 décembre 2013 at 19:01
Goals
|
| Blackhawks |
1 |
1 |
1 |
3 |
| Capitals |
2 |
1 |
1 |
4 |
|
Shots
|
| Blackhawks |
14 |
10 |
5 |
29 |
| Capitals |
14 |
5 |
4 |
23 |
|
1st period
1. Capitals , Steve Sullivan 8 (Ryan Suter, Evgeni Malkin) at 8:06
2. Blackhawks , Scott Gomez 12 (Kris Versteeg, Steve McCarthy) at 9:24
3. Capitals , Nicklas Backstrom 9 (Thomas Vanek) at 18:19
Penalties :
Brad Ference (Chi) for Holding (Minor) at 3:26, Alexei Semenov (Was) for Boarding (Minor) at 11:31, Joe Sakic (Chi) for Hooking (Minor) at 11:31, Kris Versteeg (Chi) for Unsportsmanlike conduct (Major / Game Misconduct) at 18:35
2nd period
4. Capitals , Nicklas Backstrom 10 (Thomas Vanek, Bryce Salvador) at 14:09
5. Blackhawks , Scott Gomez 13 (Rene Bourque) at 17:16
Penalties :
Thomas Vanek (Was) for Holding (Minor) at 14:45, Steve McCarthy (Chi) for Roughing (Minor) at 14:45, Phil Kessel (Was) for Slashing (Minor) at 18:14
3rd period
6. Capitals , Nicklas Backstrom 11 (Thomas Vanek, Phil Kessel) at 13:59
7. Blackhawks , Loui Eriksson 5 (Joe Sakic) at 15:15
Penalties :
Daniel Carcillo (Chi) for Boarding (Minor) at 9:12, Steve McCarthy (Chi) for Interference (Minor) at 11:23, Phil Kessel (Was) for Head-butting (Major / Game Misconduct) at 14:49, Sergei Shirokov (Chi) for Hooking (Minor) at 14:49
Goalie Stats
Roberto Luongo (Chi), 19 saves from 23 shots - (0,826), L, 9-8-2, 60:00 minutes
Nikolai Khabibulin (Was), 26 saves from 29 shots - (0,897), W, 5-3-0, 60:00 minutes
Players Stats for Blackhawks
Player Name G A P +/- PIM S H SB GA TA FO MP PP MP PK MP
------------------------------------------------------------------------------------
Brad Ference 0 0 0 0 2 0 1 2 0 0 0/0 15:42 2:03 2:21
Chris Gratton 0 0 0 0 0 0 1 3 0 0 2/3 6:49 0:18 0:00
Christian Ehrhoff 0 0 0 0 0 2 1 2 0 2 0/0 10:51 0:00 2:58
Colby Armstrong 0 0 0 0 0 3 0 2 1 0 0/0 15:03 2:28 5:54
Daniel Carcillo 0 0 0 0 2 2 4 3 0 0 0/0 14:14 0:54 3:23
George Parros 0 0 0 0 0 2 1 0 0 0 0/0 9:05 0:32 0:00
Hnat Domenichelli 0 0 0 0 0 0 0 0 1 0 0/0 7:56 0:08 0:57
Joe Sakic 0 1 1 -1 2 2 3 0 0 0 8/17 14:16 2:12 0:00
Jordan Staal 0 0 0 0 0 0 3 2 0 0 4/8 18:42 1:10 3:48
Kris Versteeg 0 1 1 0 15 3 1 0 0 2 0/1 6:34 0:00 0:00
Kristopher Letang 0 0 0 -1 0 0 2 1 1 1 0/0 24:55 2:38 4:34
Loui Eriksson 1 0 1 -1 0 3 0 0 0 0 2/2 15:05 1:47 1:48
Rene Bourque 0 1 1 0 0 2 2 0 0 1 3/3 16:09 2:20 0:00
Scott Gomez 2 0 2 0 0 5 1 0 0 1 11/25 20:57 1:39 6:02
Sergei Shirokov 0 0 0 -2 2 1 2 0 0 1 2/4 18:19 1:47 0:00
Stephane Robidas 0 0 0 -1 0 2 4 1 1 0 0/0 25:27 2:31 1:11
Steve McCarthy 0 1 1 -1 4 2 2 0 0 0 0/0 23:35 1:38 4:46
Wes O'Neill 0 0 0 1 0 0 0 3 0 0 0/0 19:21 0:50 6:02
Players Stats for Capitals
Player Name G A P +/- PIM S H SB GA TA FO MP PP MP PK MP
------------------------------------------------------------------------------------
Adam Hall 0 0 0 -1 0 0 1 0 1 1 0/0 7:24 0:40 0:00
Ales Hemsky 0 0 0 1 0 2 4 0 0 0 0/0 11:09 3:54 0:00
Alexei Semenov 0 0 0 1 2 0 0 0 0 0 0/0 10:55 0:36 0:41
Bobby Ryan 0 0 0 0 0 1 2 0 0 1 0/0 18:05 6:22 0:00
Braydon Coburn 0 0 0 0 0 1 2 1 0 0 0/0 28:52 6:13 2:24
Brooks Laich 0 0 0 1 0 1 1 0 0 0 2/4 12:10 3:54 1:01
Bryce Salvador 0 1 1 0 0 1 1 0 0 0 0/0 28:52 6:13 2:24
Chris Kunitz 0 0 0 -1 0 1 0 1 1 1 1/3 10:05 0:40 1:11
Doug Janik 0 0 0 1 0 0 1 0 0 0 0/0 10:39 0:36 0:41
Ed Jovanovski 0 0 0 0 0 1 0 0 0 0 0/0 20:29 4:07 1:54
Evgeni Malkin 0 1 1 -1 0 3 2 0 1 0 24/42 24:44 6:22 1:59
Nicklas Backstrom 3 0 3 2 0 4 2 0 0 0 3/7 12:52 0:40 0:00
Peter Regin 0 0 0 -1 0 0 3 0 0 0 0/3 8:02 0:00 1:21
Phil Kessel 0 1 1 2 17 0 2 0 0 0 0/1 11:36 0:00 0:00
Ryan Suter 0 1 1 0 0 3 0 0 0 1 0/0 20:29 4:07 1:54
Steve Sullivan 1 0 1 1 0 2 0 0 1 0 0/0 13:59 3:54 1:09
Thomas Vanek 0 3 3 2 2 1 1 0 1 0 0/1 13:52 0:00 1:03
Zach Parise 0 0 0 -1 0 2 1 1 3 0 1/2 24:46 6:22 2:14
3 Stars
1 - Nicklas Backstrom (Was)
2 - Scott Gomez (Chi)
3 - Thomas Vanek (Was)
Power Play
Blackhawks - 0 on 1 Attempt(s) - 0,00%
Capitals - 0 on 4 Attempt(s) - 0,00%
Penalty Kill
Blackhawks - 4 on 4 Attempt(s) - 100,00%
- Score 0 goal in Penalty Kill
Capitals - 1 on 1 Attempt(s) - 100,00%
- Score 0 goal in Penalty Kill
Official
Referees : Dwyer Gord and Pollock Kevin
Linesman : Thor Nelson and Mark Shewchyk
Game Notes
Kris Versteeg ejected from game at 18:35 of 1st period
Christian Ehrhoff is injured at 11:52 of 2nd period (Sprained Right Knee)
Nicklas Backstrom has scored a Hat Trick!
Phil Kessel ejected from game at 14:49 of 3rd period
Finance
Level 1 -- Attendance: 5849 (97,48%) -- Ticket Income 444 524 $
Level 2 -- Attendance: 5000 (100,00%) -- Ticket Income 210 000 $
Level 3 -- Attendance: 1982 (99,10%) -- Ticket Income 51 532 $
Level 4 -- Attendance: 3967 (99,18%) -- Ticket Income 67 439 $
Luxury Box -- Attendance: 880 (88,00%) -- Ticket Income 142 560 $
Game was played at the Verizon Center
Total Attendance: 17678 (98,21%)
Total Ticket Income: 916 055 $
Other Income: 137 408 $
Total Income: 1 053 463 $
Blackhawks
5 vs 5 Forward
Center Left Wing Right Wing Time % Phy DF OF
1 Scott Gomez Kris Versteeg Rene Bourque 40 1 2 2
2 Joe Sakic Loui Eriksson Sergei Shirokov 30 1 2 2
3 Jordan Staal Daniel Carcillo George Parros 20 1 2 2
4 Chris Gratton Hnat Domenichelli Colby Armstrong 10 1 2 2
5 vs 5 Defense
Defense Defense Time % Phy DF OF
1 Stephane Robidas Steve McCarthy 40 1 2 2
2 Christian Ehrhoff Kristopher Letang 30 1 2 2
3 Brad Ference Wes O'Neill 20 1 2 2
4 Stephane Robidas Steve McCarthy 10 1 2 2
PowerPlay Forward
Center Left Wing Right Wing Time % Phy DF OF
1 Joe Sakic Kris Versteeg Rene Bourque 60 1 1 3
2 Scott Gomez Loui Eriksson Sergei Shirokov 40 1 1 3
PowerPlay Defense
Defense Defense Time % Phy DF OF
1 Stephane Robidas Kristopher Letang 60 1 1 3
2 Brad Ference Christian Ehrhoff 40 1 1 3
Penalty Kill 4 Players Forward
Center Wing Time % Phy DF OF
1 Scott Gomez Colby Armstrong 60 1 3 1
2 Jordan Staal Daniel Carcillo 40 1 3 1
Penalty Kill 4 Players Defense
Defense Defense Time % Phy DF OF
1 Wes O'Neill Steve McCarthy 60 1 4 0
2 Christian Ehrhoff Kristopher Letang 40 1 4 0
Penalty Kill - 3 Players Forward
Forward Time % Phy DF OF
1 Joe Sakic 60 1 2 2
2 George Parros 40 1 2 2
Penalty Kill - 3 Players Defense
Defense Defense Time % Phy DF OF
1 Wes O'Neill Steve McCarthy 60 1 2 2
2 Kristopher Letang Christian Ehrhoff 40 1 2 2
4 vs 4 Forward
Center Wing Time % Phy DF OF
1 Joe Sakic Kris Versteeg 60 1 2 2
2 Scott Gomez Rene Bourque 40 1 2 2
4 vs 4 Defense
Defense Defense Time % Phy DF OF
1 Stephane Robidas Kristopher Letang 60 1 2 2
2 Brad Ference Christian Ehrhoff 40 1 2 2
Last Minutes Offensive
Center Left Wing Right Wing Defense Defense
Joe Sakic Kris Versteeg Rene Bourque Stephane Robidas Kristopher Letang
Last Minutes Defensive
Center Left Wing Right Wing Defense Defense
Scott Gomez Kris Versteeg Colby Armstrong Wes O'Neill Christian Ehrhoff
Goaltenders
Starting : Roberto Luongo
Backup : Jocelyn Thibault
Extra Forwards
Normal : Sergei Shirokov, Jordan Staal, Loui Eriksson - PP : Colby Armstrong, Jordan Staal - PK : Loui Eriksson
Extra Defensemen
Normal : Wes O'Neill, Kristopher Letang, Christian Ehrhoff - PP : Kristopher Letang - PK : Wes O'Neill, Christian Ehrhoff
Penalty Shots
Joe Sakic, Loui Eriksson, Kris Versteeg, Scott Gomez, Sergei Shirokov
Capitals
5 vs 5 Forward
Center Left Wing Right Wing Time % Phy DF OF
1 Evgeni Malkin Zach Parise Bobby Ryan 40 1 2 2
2 Nicklas Backstrom Thomas Vanek Phil Kessel 30 1 2 2
3 Brooks Laich Steve Sullivan Ales Hemsky 20 1 2 2
4 Peter Regin Chris Kunitz Adam Hall 10 1 2 2
5 vs 5 Defense
Defense Defense Time % Phy DF OF
1 Braydon Coburn Bryce Salvador 40 1 2 2
2 Ed Jovanovski Ryan Suter 30 1 2 2
3 Alexei Semenov Doug Janik 20 1 2 2
4 Braydon Coburn Bryce Salvador 10 1 2 2
PowerPlay Forward
Center Left Wing Right Wing Time % Phy DF OF
1 Evgeni Malkin Zach Parise Bobby Ryan 60 1 2 2
2 Brooks Laich Steve Sullivan Ales Hemsky 40 1 2 2
PowerPlay Defense
Defense Defense Time % Phy DF OF
1 Braydon Coburn Bryce Salvador 60 1 2 2
2 Ed Jovanovski Ryan Suter 40 1 2 2
Penalty Kill 4 Players Forward
Center Wing Time % Phy DF OF
1 Evgeni Malkin Zach Parise 60 1 2 2
2 Steve Sullivan Thomas Vanek 40 1 2 2
Penalty Kill 4 Players Defense
Defense Defense Time % Phy DF OF
1 Braydon Coburn Bryce Salvador 60 1 2 2
2 Ed Jovanovski Ryan Suter 40 1 2 2
Penalty Kill - 3 Players Forward
Forward Time % Phy DF OF
1 Evgeni Malkin 60 1 2 2
2 Zach Parise 40 1 2 2
Penalty Kill - 3 Players Defense
Defense Defense Time % Phy DF OF
1 Braydon Coburn Bryce Salvador 60 1 2 2
2 Ed Jovanovski Ryan Suter 40 1 2 2
4 vs 4 Forward
Center Wing Time % Phy DF OF
1 Evgeni Malkin Zach Parise 60 1 2 2
2 Steve Sullivan Thomas Vanek 40 1 2 2
4 vs 4 Defense
Defense Defense Time % Phy DF OF
1 Braydon Coburn Bryce Salvador 60 1 2 2
2 Ed Jovanovski Ryan Suter 40 1 2 2
Last Minutes Offensive
Center Left Wing Right Wing Defense Defense
Evgeni Malkin Zach Parise Bobby Ryan Braydon Coburn Bryce Salvador
Last Minutes Defensive
Center Left Wing Right Wing Defense Defense
Evgeni Malkin Zach Parise Bobby Ryan Braydon Coburn Bryce Salvador
Goaltenders
Starting : Nikolai Khabibulin
Backup : Niklas Backstrom
Extra Forwards
Normal : Chris Kunitz, Nicklas Backstrom, Peter Regin - PP : Chris Kunitz, Nicklas Backstrom - PK : Peter Regin
Extra Defensemen
Normal : Alexei Semenov, Doug Janik, Ed Jovanovski - PP : Alexei Semenov - PK : Doug Janik, Ed Jovanovski
Penalty Shots
Evgeni Malkin, Zach Parise, Steve Sullivan, Thomas Vanek, Bobby Ryan
% Time on Ice - Blackhawks
Lines # - Real PCT - Wanted PCT - Time Play
Normal Forward
1 - 38% - 40% - 14:26
2 - 23% - 30% - 8:49
3 - 22% - 20% - 8:33
4 - 17% - 10% - 6:20
Normal Defense
1 - 43% - 40% - 16:24
2 - 36% - 30% - 13:46
3 - 18% - 20% - 6:48
4 - 3% - 10% - 1:10
PP Forward
1 - 67% - 60% - 3:20
2 - 33% - 40% - 1:39
PP Defense
1 - 25% - 60% - 1:16
2 - 75% - 40% - 3:43
PK Forward
1 - 73% - 60% - 7:57
2 - 27% - 40% - 2:59
PK Defense
1 - 60% - 60% - 6:35
2 - 40% - 40% - 4:21
PK3 Forward
1 - 0% - 60%
2 - 0% - 40%
PK3 Defense
1 - 0% - 60%
2 - 0% - 40%
44 Forward
1 - 95% - 60% - 5:38
2 - 5% - 40% - 0:19
44 Defense
1 - 67% - 60% - 4:00
2 - 33% - 40% - 1:57
Last Minute Offensive - 0:00
Last Minute Defensive - 0:00
Total
Forward - 60:00
Defense - 60:00
|
% Time on Ice - Capitals
Lines # - Real PCT - Wanted PCT - Time Play
Normal Forward
1 - 34% - 40% - 12:50
2 - 31% - 30% - 11:48
3 - 19% - 20% - 7:15
4 - 16% - 10% - 6:15
Normal Defense
1 - 40% - 40% - 15:14
2 - 34% - 30% - 12:51
3 - 24% - 20% - 9:11
4 - 2% - 10% - 0:52
PP Forward
1 - 58% - 60% - 6:23
2 - 42% - 40% - 4:33
PP Defense
1 - 57% - 60% - 6:13
2 - 43% - 40% - 4:43
PK Forward
1 - 79% - 60% - 3:56
2 - 21% - 40% - 1:03
PK Defense
1 - 62% - 60% - 3:05
2 - 38% - 40% - 1:54
PK3 Forward
1 - 0% - 60%
2 - 0% - 40%
PK3 Defense
1 - 0% - 60%
2 - 0% - 40%
44 Forward
1 - 75% - 60% - 4:27
2 - 25% - 40% - 1:30
44 Defense
1 - 73% - 60% - 4:20
2 - 27% - 40% - 1:37
Last Minute Offensive - 0:00
Last Minute Defensive - 0:00
Total
Forward - 60:00
Defense - 60:00
|
Play by Play
1st period
0:01 of 1st period - Evgeni Malkin wins face-off versus Scott Gomez in neutral zone.
0:52 of 1st period - Wrist shot by Steve Sullivan.
0:52 of 1st period - Deflect By Ales Hemsky.
0:52 of 1st period - Shot Misses the Net.
0:52 of 1st period - Puck is out of play.
0:53 of 1st period - Chris Gratton wins face-off versus Brooks Laich in Blackhawks zone.
1:19 of 1st period - Wrist shot by Brooks Laich.
1:19 of 1st period - Shot Misses the Net.
1:25 of 1st period - Wrist shot by Brooks Laich.
1:25 of 1st period - Stopped by Roberto Luongo with a rebound.
1:27 of 1st period - Wrist shot by Steve Sullivan.
1:27 of 1st period - Stopped by Roberto Luongo without a rebound.
1:28 of 1st period - Evgeni Malkin wins face-off versus Scott Gomez in Blackhawks zone.
2:17 of 1st period - Christian Ehrhoff is hit by Nicklas Backstrom and loses puck.
2:34 of 1st period - Wrist shot by Zach Parise.
2:34 of 1st period - Stopped by Roberto Luongo without a rebound.
2:35 of 1st period - Chris Gratton wins face-off versus Evgeni Malkin in Blackhawks zone.
2:40 of 1st period - Steve McCarthy is hit by Bobby Ryan.
3:26 of 1st period - Minor Penalty to Brad Ference for Holding.
3:27 of 1st period - Scott Gomez wins face-off versus Evgeni Malkin in Blackhawks zone.
3:40 of 1st period - Backhand shot by Evgeni Malkin.
3:40 of 1st period - Shot Misses the Net.
5:01 of 1st period - Scott Gomez is hit by Ales Hemsky and loses puck.
5:26 of 1st period - Penalty to Brad Ference is over, Brad Ference is back on ice.
5:32 of 1st period - Nicklas Backstrom is hit by Steve McCarthy and loses puck.
5:51 of 1st period - Adam Hall is hit by Stephane Robidas and loses puck.
6:09 of 1st period - Loui Eriksson is hit by Nicklas Backstrom.
7:33 of 1st period - Nicklas Backstrom is hit by Jordan Staal.
7:37 of 1st period - Doug Janik is hit by Daniel Carcillo.
8:04 of 1st period - Snap shot by Evgeni Malkin.
8:04 of 1st period - Shot Misses the Net.
8:06 of 1st period - Slapshot by Ryan Suter.
8:06 of 1st period - Deflect By Steve Sullivan.
8:06 of 1st period - Goal by Steve Sullivan - Blackhawks : 0 - Capitals : 1.
8:07 of 1st period - Scott Gomez wins face-off versus Evgeni Malkin in neutral zone.
8:34 of 1st period - Kristopher Letang is hit by Bryce Salvador and loses puck.
9:01 of 1st period - Ales Hemsky is hit by George Parros and loses puck.
9:24 of 1st period - Backhand shot by Scott Gomez.
9:24 of 1st period - Goal by Scott Gomez - Blackhawks : 1 - Capitals : 1.
9:25 of 1st period - Scott Gomez wins face-off versus Evgeni Malkin in neutral zone.
9:28 of 1st period - Snap shot by Kris Versteeg.
9:28 of 1st period - Stopped by Nikolai Khabibulin with a rebound.
9:40 of 1st period - Wrist shot by Scott Gomez.
9:40 of 1st period - Stopped by Nikolai Khabibulin without a rebound.
9:41 of 1st period - Joe Sakic wins face-off versus Nicklas Backstrom in Capitals zone.
9:42 of 1st period - Slapshot by Loui Eriksson.
9:42 of 1st period - Shot Misses the Net.
9:46 of 1st period - Wrist shot by Loui Eriksson.
9:46 of 1st period - Stopped by Nikolai Khabibulin without a rebound.
9:47 of 1st period - Joe Sakic wins face-off versus Nicklas Backstrom in Capitals zone.
10:40 of 1st period - Snap shot by Ales Hemsky.
10:40 of 1st period - Stopped by Roberto Luongo with a rebound.
10:42 of 1st period - Slapshot by Braydon Coburn.
10:42 of 1st period - Shot Misses the Net.
10:44 of 1st period - Backhand shot by Bryce Salvador.
10:44 of 1st period - Deflect By Brooks Laich.
10:44 of 1st period - Shot Misses the Net.
10:44 of 1st period - Puck is out of play.
10:45 of 1st period - Evgeni Malkin wins face-off versus Scott Gomez in Blackhawks zone.
10:52 of 1st period - Wes O'Neill is hit by Evgeni Malkin and loses puck.
10:59 of 1st period - Snap shot by Zach Parise.
10:59 of 1st period - Deflect By Bobby Ryan.
10:59 of 1st period - Stopped by Roberto Luongo with a rebound.
11:12 of 1st period - Off-side.
11:13 of 1st period - Nicklas Backstrom wins face-off versus Joe Sakic in neutral zone.
11:31 of 1st period - Minor Penalty to Alexei Semenov for Boarding.
11:31 of 1st period - Minor Penalty to Joe Sakic for Hooking.
11:32 of 1st period - Sergei Shirokov wins face-off versus Evgeni Malkin in Blackhawks zone.
11:37 of 1st period - Snap shot by Stephane Robidas.
11:37 of 1st period - Stopped by Nikolai Khabibulin with a rebound.
11:39 of 1st period - Wrist shot by Kris Versteeg.
11:39 of 1st period - Stopped by Nikolai Khabibulin without a rebound.
11:40 of 1st period - Evgeni Malkin wins face-off versus Kris Versteeg in Capitals zone.
11:51 of 1st period - Snap shot by Evgeni Malkin.
11:51 of 1st period - Stopped by Roberto Luongo with a rebound.
12:50 of 1st period - Off-side.
12:51 of 1st period - Loui Eriksson wins face-off versus Chris Kunitz in neutral zone.
12:53 of 1st period - Off-side.
12:54 of 1st period - Loui Eriksson wins face-off versus Chris Kunitz in neutral zone.
12:59 of 1st period - Snap shot by Daniel Carcillo.
12:59 of 1st period - Stopped by Nikolai Khabibulin with a rebound.
13:05 of 1st period - Snap shot by Nicklas Backstrom.
13:05 of 1st period - Shot Misses the Net.
13:07 of 1st period - Slapshot by Ed Jovanovski.
13:07 of 1st period - Deflect By Chris Kunitz.
13:07 of 1st period - Stopped by Roberto Luongo with a rebound.
13:09 of 1st period - Slapshot by Ryan Suter.
13:09 of 1st period - Stopped by Roberto Luongo without a rebound.
13:10 of 1st period - Evgeni Malkin wins face-off versus Sergei Shirokov in Blackhawks zone.
13:31 of 1st period - Penalty to Alexei Semenov is over, Alexei Semenov is back on ice.
13:31 of 1st period - Penalty to Joe Sakic is over, Joe Sakic is back on ice.
13:41 of 1st period - Snap shot by Evgeni Malkin.
13:41 of 1st period - Stopped by Roberto Luongo with a rebound.
13:43 of 1st period - Slapshot by Bryce Salvador.
13:43 of 1st period - Stopped by Roberto Luongo with a rebound.
13:45 of 1st period - Slapshot by Braydon Coburn.
13:45 of 1st period - Shot Misses the Net.
13:47 of 1st period - Wrist shot by Braydon Coburn.
13:47 of 1st period - Stopped by Roberto Luongo without a rebound.
13:48 of 1st period - Joe Sakic wins face-off versus Nicklas Backstrom in Blackhawks zone.
13:48 of 1st period - Joe Sakic is hit by Thomas Vanek.
14:19 of 1st period - Slapshot by Colby Armstrong.
14:19 of 1st period - Stopped by Nikolai Khabibulin without a rebound.
14:20 of 1st period - Evgeni Malkin wins face-off versus Scott Gomez in Capitals zone.
14:26 of 1st period - Zach Parise is hit by Steve McCarthy and loses puck.
14:45 of 1st period - Brooks Laich is hit by Daniel Carcillo and loses puck.
14:51 of 1st period - Doug Janik is hit by Daniel Carcillo and loses puck.
15:10 of 1st period - Wrist shot by Stephane Robidas.
15:10 of 1st period - Shot Misses the Net.
15:12 of 1st period - Wrist shot by Sergei Shirokov.
15:12 of 1st period - Shot Misses the Net.
15:38 of 1st period - Bobby Ryan is hit by Christian Ehrhoff and loses puck.
15:51 of 1st period - Kristopher Letang is hit by Braydon Coburn and loses puck.
16:08 of 1st period - Slapshot by Daniel Carcillo.
16:08 of 1st period - Stopped by Nikolai Khabibulin without a rebound.
16:09 of 1st period - Jordan Staal wins face-off versus Brooks Laich in Capitals zone.
16:10 of 1st period - Wrist shot by George Parros.
16:10 of 1st period - Stopped by Nikolai Khabibulin without a rebound.
16:11 of 1st period - Brooks Laich wins face-off versus Jordan Staal in Capitals zone.
16:24 of 1st period - Slapshot by Ales Hemsky.
16:24 of 1st period - Shot Blocked by Jordan Staal.
16:26 of 1st period - Slapshot by Ryan Suter.
16:26 of 1st period - Stopped by Roberto Luongo without a rebound.
16:27 of 1st period - Scott Gomez wins face-off versus Evgeni Malkin in Blackhawks zone.
16:32 of 1st period - Ryan Suter is hit by Kris Versteeg and loses puck.
16:41 of 1st period - Snap shot by Kris Versteeg.
16:41 of 1st period - Stopped by Nikolai Khabibulin with a rebound.
16:43 of 1st period - Slapshot by Steve McCarthy.
16:43 of 1st period - Stopped by Nikolai Khabibulin without a rebound.
16:44 of 1st period - Nicklas Backstrom wins face-off versus Sergei Shirokov in Capitals zone.
16:57 of 1st period - Bryce Salvador is hit by Sergei Shirokov and loses puck.
17:10 of 1st period - Steve McCarthy is hit by Evgeni Malkin and loses puck.
18:14 of 1st period - Loui Eriksson is hit by Phil Kessel and loses puck.
18:19 of 1st period - Wrist shot by Nicklas Backstrom.
18:19 of 1st period - Goal by Nicklas Backstrom - Blackhawks : 1 - Capitals : 2.
18:20 of 1st period - Evgeni Malkin wins face-off versus Scott Gomez in neutral zone.
18:31 of 1st period - Snap shot by Kris Versteeg.
18:31 of 1st period - Shot Misses the Net.
18:33 of 1st period - Slapshot by Christian Ehrhoff.
18:33 of 1st period - Stopped by Nikolai Khabibulin with a rebound.
18:35 of 1st period - Slapshot by Christian Ehrhoff.
18:35 of 1st period - Stopped by Nikolai Khabibulin without a rebound.
18:35 of 1st period - Major / Game Misconduct Penalty to Kris Versteeg for Unsportsmanlike conduct.
18:35 of 1st period - Kris Versteeg is ejected from game.
18:36 of 1st period - Evgeni Malkin wins face-off versus Scott Gomez in Blackhawks zone.
2nd period
0:01 of 2nd period - Scott Gomez wins face-off versus Evgeni Malkin in neutral zone.
0:10 of 2nd period - Snap shot by Scott Gomez.
0:10 of 2nd period - Shot Blocked by Zach Parise.
0:13 of 2nd period - Icing by Evgeni Malkin.
0:14 of 2nd period - Scott Gomez wins face-off versus Evgeni Malkin in Capitals zone.
0:15 of 2nd period - Snap shot by Colby Armstrong.
0:15 of 2nd period - Shot Misses the Net.
1:20 of 2nd period - Snap shot by Zach Parise.
1:20 of 2nd period - Shot Blocked by Colby Armstrong.
2:15 of 2nd period - Slapshot by Ed Jovanovski.
2:15 of 2nd period - Shot Hit the Post.
2:17 of 2nd period - Slapshot by Ed Jovanovski.
2:17 of 2nd period - Shot Blocked by Wes O'Neill.
2:37 of 2nd period - Ales Hemsky is hit by Scott Gomez and loses puck.
2:56 of 2nd period - Slapshot by Ed Jovanovski.
2:56 of 2nd period - Shot Blocked by Christian Ehrhoff.
3:35 of 2nd period - Penalty to Kris Versteeg is over, Loui Eriksson is send on ice.
3:53 of 2nd period - Wrist shot by Thomas Vanek.
3:53 of 2nd period - Stopped by Roberto Luongo without a rebound.
3:54 of 2nd period - Sergei Shirokov wins face-off versus Nicklas Backstrom in Blackhawks zone.
4:28 of 2nd period - Alexei Semenov is hit by Chris Gratton and loses puck.
4:45 of 2nd period - Slapshot by Scott Gomez.
4:45 of 2nd period - Deflect By Rene Bourque.
4:45 of 2nd period - Stopped by Nikolai Khabibulin with a rebound.
5:02 of 2nd period - Icing by Daniel Carcillo.
5:03 of 2nd period - Jordan Staal wins face-off versus Peter Regin in Blackhawks zone.
5:03 of 2nd period - Jordan Staal is hit by Adam Hall.
5:10 of 2nd period - Off-side.
5:11 of 2nd period - Rene Bourque wins face-off versus Evgeni Malkin in neutral zone.
5:42 of 2nd period - Daniel Carcillo is hit by Braydon Coburn.
6:16 of 2nd period - Christian Ehrhoff is hit by Zach Parise and loses puck.
6:23 of 2nd period - Snap shot by Evgeni Malkin.
6:23 of 2nd period - Shot Misses the Net.
6:51 of 2nd period - Jordan Staal is hit by Peter Regin and loses puck.
8:04 of 2nd period - Icing by Wes O'Neill.
8:05 of 2nd period - Jordan Staal wins face-off versus Evgeni Malkin in Blackhawks zone.
8:35 of 2nd period - Phil Kessel is hit by Rene Bourque and loses puck.
8:48 of 2nd period - Stephane Robidas is hit by Ales Hemsky and loses puck.
8:55 of 2nd period - Ales Hemsky is hit by Stephane Robidas and loses puck.
9:54 of 2nd period - Wrist shot by Thomas Vanek.
9:54 of 2nd period - Deflect By Nicklas Backstrom.
9:54 of 2nd period - Stopped by Roberto Luongo without a rebound.
9:55 of 2nd period - Evgeni Malkin wins face-off versus Chris Gratton in Blackhawks zone.
10:06 of 2nd period - Slapshot by Ed Jovanovski.
10:06 of 2nd period - Stopped by Roberto Luongo with a rebound.
10:29 of 2nd period - Rene Bourque is hit by Phil Kessel and loses puck.
11:48 of 2nd period - Off-side.
11:49 of 2nd period - Zach Parise wins face-off versus Scott Gomez in neutral zone.
11:52 of 2nd period - Wrist shot by Evgeni Malkin.
11:52 of 2nd period - Shot Blocked by Christian Ehrhoff.
11:52 of 2nd period - Christian Ehrhoff from Blackhawks is injured at 11:52 of 2nd period (Sprained Right Knee).
11:53 of 2nd period - Evgeni Malkin wins face-off versus Scott Gomez in Blackhawks zone.
12:00 of 2nd period - Snap shot by Scott Gomez.
12:00 of 2nd period - Stopped by Nikolai Khabibulin without a rebound.
12:01 of 2nd period - Scott Gomez wins face-off versus Evgeni Malkin in Capitals zone.
12:10 of 2nd period - Wrist shot by Rene Bourque.
12:10 of 2nd period - Stopped by Nikolai Khabibulin without a rebound.
12:11 of 2nd period - Scott Gomez wins face-off versus Evgeni Malkin in Capitals zone.
12:41 of 2nd period - Snap shot by Nicklas Backstrom.
12:41 of 2nd period - Shot Blocked by Daniel Carcillo.
13:00 of 2nd period - Icing by Wes O'Neill.
13:01 of 2nd period - Jordan Staal wins face-off versus Peter Regin in Blackhawks zone.
13:08 of 2nd period - Daniel Carcillo is hit by Peter Regin and loses puck.
13:13 of 2nd period - Wrist shot by Peter Regin.
13:13 of 2nd period - Shot Misses the Net.
13:15 of 2nd period - Wrist shot by Adam Hall.
13:15 of 2nd period - Shot Blocked by Wes O'Neill.
13:29 of 2nd period - Slapshot by Joe Sakic.
13:29 of 2nd period - Deflect By Loui Eriksson.
13:29 of 2nd period - Shot Misses the Net.
13:29 of 2nd period - Puck is out of play.
13:30 of 2nd period - Joe Sakic wins face-off versus Evgeni Malkin in Capitals zone.
13:31 of 2nd period - Snap shot by Loui Eriksson.
13:31 of 2nd period - Stopped by Nikolai Khabibulin with a rebound.
13:33 of 2nd period - Snap shot by Sergei Shirokov.
13:33 of 2nd period - Stopped by Nikolai Khabibulin without a rebound.
13:34 of 2nd period - Joe Sakic wins face-off versus Evgeni Malkin in Capitals zone.
14:09 of 2nd period - Snap shot by Nicklas Backstrom.
14:09 of 2nd period - Goal by Nicklas Backstrom - Blackhawks : 1 - Capitals : 3.
14:10 of 2nd period - Evgeni Malkin wins face-off versus Scott Gomez in neutral zone.
14:40 of 2nd period - Snap shot by Ryan Suter.
14:40 of 2nd period - Stopped by Roberto Luongo with a rebound.
14:45 of 2nd period - Minor Penalty to Thomas Vanek for Holding.
14:45 of 2nd period - Minor Penalty to Steve McCarthy for Roughing.
14:46 of 2nd period - Joe Sakic wins face-off versus Evgeni Malkin in Capitals zone.
14:55 of 2nd period - Snap shot by Joe Sakic.
14:55 of 2nd period - Stopped by Nikolai Khabibulin without a rebound.
14:56 of 2nd period - Evgeni Malkin wins face-off versus Joe Sakic in Capitals zone.
15:21 of 2nd period - Slapshot by Joe Sakic.
15:21 of 2nd period - Stopped by Nikolai Khabibulin without a rebound.
15:22 of 2nd period - Evgeni Malkin wins face-off versus Joe Sakic in Capitals zone.
15:22 of 2nd period - Evgeni Malkin is hit by Joe Sakic.
15:47 of 2nd period - Ryan Suter is hit by Brad Ference and loses puck.
15:52 of 2nd period - Snap shot by Loui Eriksson.
15:52 of 2nd period - Shot Misses the Net.
15:54 of 2nd period - Snap shot by Loui Eriksson.
15:54 of 2nd period - Deflect By Jordan Staal.
15:54 of 2nd period - Shot Misses the Net.
15:54 of 2nd period - Puck is out of play.
15:55 of 2nd period - Evgeni Malkin wins face-off versus Joe Sakic in Capitals zone.
16:45 of 2nd period - Penalty to Thomas Vanek is over, Thomas Vanek is back on ice.
16:45 of 2nd period - Penalty to Steve McCarthy is over, Steve McCarthy is back on ice.
17:04 of 2nd period - Slapshot by Thomas Vanek.
17:04 of 2nd period - Deflect By Evgeni Malkin.
17:04 of 2nd period - Shot Blocked by Brad Ference.
17:04 of 2nd period - Puck is out of play.
17:05 of 2nd period - Rene Bourque wins face-off versus Thomas Vanek in Blackhawks zone.
17:16 of 2nd period - Wrist shot by Scott Gomez.
17:16 of 2nd period - Goal by Scott Gomez - Blackhawks : 2 - Capitals : 3.
17:17 of 2nd period - Scott Gomez wins face-off versus Zach Parise in neutral zone.
18:14 of 2nd period - Snap shot by George Parros.
18:14 of 2nd period - Stopped by Nikolai Khabibulin without a rebound.
18:14 of 2nd period - Minor Penalty to Phil Kessel for Slashing.
18:15 of 2nd period - Evgeni Malkin wins face-off versus Joe Sakic in Capitals zone.
18:15 of 2nd period - Evgeni Malkin is hit by Joe Sakic.
18:43 of 2nd period - Slapshot by Stephane Robidas.
18:43 of 2nd period - Stopped by Nikolai Khabibulin without a rebound.
18:44 of 2nd period - Evgeni Malkin wins face-off versus Joe Sakic in Capitals zone.
3rd period
0:01 of 3rd period - Rene Bourque wins face-off versus Evgeni Malkin in neutral zone.
0:14 of 3rd period - Penalty to Phil Kessel is over, Phil Kessel is back on ice.
0:18 of 3rd period - Wrist shot by Evgeni Malkin.
0:18 of 3rd period - Stopped by Roberto Luongo without a rebound.
0:19 of 3rd period - Joe Sakic wins face-off versus Phil Kessel in Blackhawks zone.
0:44 of 3rd period - Bobby Ryan is hit by Jordan Staal and loses puck.
1:05 of 3rd period - Kristopher Letang is hit by Ales Hemsky and loses puck.
2:07 of 3rd period - Snap shot by Evgeni Malkin.
2:07 of 3rd period - Shot Blocked by Daniel Carcillo.
2:09 of 3rd period - Slapshot by Ryan Suter.
2:09 of 3rd period - Shot Blocked by Daniel Carcillo.
2:14 of 3rd period - Icing by Stephane Robidas.
2:15 of 3rd period - Evgeni Malkin wins face-off versus Jordan Staal in Blackhawks zone.
3:02 of 3rd period - Wrist shot by Peter Regin.
3:02 of 3rd period - Shot Blocked by Stephane Robidas.
3:04 of 3rd period - Snap shot by Chris Kunitz.
3:04 of 3rd period - Deflect By Peter Regin.
3:04 of 3rd period - Shot Misses the Net.
3:04 of 3rd period - Puck is out of play.
3:05 of 3rd period - Joe Sakic wins face-off versus Peter Regin in Blackhawks zone.
3:10 of 3rd period - Slapshot by Wes O'Neill.
3:10 of 3rd period - Shot Blocked by Chris Kunitz.
4:13 of 3rd period - Wrist shot by Phil Kessel.
4:13 of 3rd period - Shot Blocked by Kristopher Letang.
4:33 of 3rd period - Evgeni Malkin is hit by Rene Bourque and loses puck.
4:44 of 3rd period - Ryan Suter is hit by Stephane Robidas and loses puck.
5:07 of 3rd period - Icing by Doug Janik.
5:08 of 3rd period - Brooks Laich wins face-off versus Jordan Staal in Capitals zone.
5:08 of 3rd period - Brooks Laich is hit by Kristopher Letang.
7:13 of 3rd period - Jordan Staal is hit by Peter Regin and loses puck.
7:26 of 3rd period - Bryce Salvador is hit by Kristopher Letang and loses puck.
8:03 of 3rd period - Off-side.
8:04 of 3rd period - Chris Kunitz wins face-off versus Jordan Staal in neutral zone.
8:15 of 3rd period - Braydon Coburn is hit by Jordan Staal.
8:27 of 3rd period - Kristopher Letang is hit by Bobby Ryan and loses puck.
8:54 of 3rd period - Kristopher Letang is hit by Doug Janik and loses puck.
9:11 of 3rd period - Wrist shot by Brooks Laich.
9:11 of 3rd period - Shot Misses the Net.
9:12 of 3rd period - Minor Penalty to Daniel Carcillo for Boarding.
9:13 of 3rd period - Evgeni Malkin wins face-off versus Scott Gomez in Blackhawks zone.
9:14 of 3rd period - Wrist shot by Zach Parise.
9:14 of 3rd period - Stopped by Roberto Luongo with a rebound.
9:29 of 3rd period - Icing by Zach Parise.
9:30 of 3rd period - Scott Gomez wins face-off versus Evgeni Malkin in Capitals zone.
9:37 of 3rd period - Wrist shot by Colby Armstrong.
9:37 of 3rd period - Shot Misses the Net.
9:39 of 3rd period - Slapshot by Wes O'Neill.
9:39 of 3rd period - Deflect By Scott Gomez.
9:39 of 3rd period - Stopped by Nikolai Khabibulin with a rebound.
9:41 of 3rd period - Slapshot by Steve McCarthy.
9:41 of 3rd period - Stopped by Nikolai Khabibulin without a rebound.
9:42 of 3rd period - Scott Gomez wins face-off versus Evgeni Malkin in Capitals zone.
9:43 of 3rd period - Snap shot by Colby Armstrong.
9:43 of 3rd period - Stopped by Nikolai Khabibulin with a rebound.
9:45 of 3rd period - Snap shot by Scott Gomez.
9:45 of 3rd period - Shot Blocked by Braydon Coburn.
9:47 of 3rd period - Wrist shot by Colby Armstrong.
9:47 of 3rd period - Stopped by Nikolai Khabibulin without a rebound.
9:48 of 3rd period - Evgeni Malkin wins face-off versus Scott Gomez in Capitals zone.
9:53 of 3rd period - Slapshot by Braydon Coburn.
9:53 of 3rd period - Shot Misses the Net.
10:17 of 3rd period - Loui Eriksson is hit by Ales Hemsky and loses puck.
11:12 of 3rd period - Penalty to Daniel Carcillo is over, Daniel Carcillo is back on ice.
11:23 of 3rd period - Minor Penalty to Steve McCarthy for Interference.
11:24 of 3rd period - Evgeni Malkin wins face-off versus Scott Gomez in Blackhawks zone.
11:27 of 3rd period - Wrist shot by Zach Parise.
11:27 of 3rd period - Deflect By Bobby Ryan.
11:27 of 3rd period - Deflect By Scott Gomez.
11:27 of 3rd period - Shot Blocked by Brad Ference.
11:27 of 3rd period - Puck is out of play.
11:28 of 3rd period - Evgeni Malkin wins face-off versus Scott Gomez in Blackhawks zone.
11:35 of 3rd period - Snap shot by Evgeni Malkin.
11:35 of 3rd period - Shot Blocked by Colby Armstrong.
11:57 of 3rd period - Snap shot by Ales Hemsky.
11:57 of 3rd period - Stopped by Roberto Luongo with a rebound.
13:23 of 3rd period - Penalty to Steve McCarthy is over, Steve McCarthy is back on ice.
13:33 of 3rd period - Snap shot by Loui Eriksson.
13:33 of 3rd period - Shot Misses the Net.
13:51 of 3rd period - Icing by Sergei Shirokov.
13:52 of 3rd period - Nicklas Backstrom wins face-off versus Joe Sakic in Blackhawks zone.
13:59 of 3rd period - Snap shot by Nicklas Backstrom.
13:59 of 3rd period - Goal by Nicklas Backstrom - Blackhawks : 2 - Capitals : 4.
14:00 of 3rd period - Evgeni Malkin wins face-off versus Scott Gomez in neutral zone.
14:25 of 3rd period - Steve McCarthy is hit by Brooks Laich and loses puck.
14:49 of 3rd period - Major / Game Misconduct Penalty to Phil Kessel for Head-butting.
14:49 of 3rd period - Phil Kessel is ejected from game.
14:49 of 3rd period - Minor Penalty to Sergei Shirokov for Hooking.
14:50 of 3rd period - Evgeni Malkin wins face-off versus Joe Sakic in neutral zone.
14:53 of 3rd period - Slapshot by Zach Parise.
14:53 of 3rd period - Shot Blocked by Jordan Staal.
15:15 of 3rd period - Snap shot by Joe Sakic.
15:15 of 3rd period - Deflect By Loui Eriksson.
15:15 of 3rd period - Goal by Loui Eriksson - Blackhawks : 3 - Capitals : 4.
15:16 of 3rd period - Evgeni Malkin wins face-off versus Joe Sakic in neutral zone.
15:49 of 3rd period - Evgeni Malkin is hit by Joe Sakic and loses puck.
16:49 of 3rd period - Penalty to Sergei Shirokov is over, Sergei Shirokov is back on ice.
17:56 of 3rd period - Doug Janik is hit by Stephane Robidas and loses puck.
18:23 of 3rd period - Chris Kunitz is hit by Daniel Carcillo and loses puck.
18:46 of 3rd period - Ryan Suter is hit by Sergei Shirokov.
19:49 of 3rd period - Penalty to Phil Kessel is over, Peter Regin is send on ice.
19:53 of 3rd period - Snap shot by Thomas Vanek.
19:53 of 3rd period - Shot Blocked by Chris Gratton.
19:55 of 3rd period - Snap shot by Steve Sullivan.
19:55 of 3rd period - Shot Blocked by Chris Gratton.
19:57 of 3rd period - Slapshot by Steve Sullivan.
19:57 of 3rd period - Shot Blocked by Chris Gratton.
19:59 of 3rd period - Slapshot by Alexei Semenov.
19:59 of 3rd period - Shot Blocked by Wes O'Neill.
Output by the SimonT Hockey Simulator (STHS) for François Prévost -- Original Page W3C XHTML 1.0 Valid